 Dungeon Crawl Stone Soup version 0.18-a0-373-gaf408bd (webtiles) character file.

26 endege the Caller (level 2, 0/27 HPs)
             Began as a Deep Dwarf Summoner on Nov 29, 2015.
             Slain by a worm (8 damage)
             ... on level 2 of the Dungeon.
             The game lasted 00:00:46 (753 turns).

endege the Caller (Deep Dwarf Summoner)              Turns: 753, Time: 00:00:46

Health: 0/27       AC:  6    Str: 11    XL:     2   Next: 89%
Magic:  3/3        EV: 10    Int: 15    God:
Gold:   25         SH:  0    Dex: 13    Spells: 1 memorised, 3 levels left

rFire  . . .     SeeInvis .     a - -1 short sword (curse)
rCold  . . .     Clarity  .     j - +0 ring mail
rNeg   . . .     SustAt   .     (no shield)
rPois  .         Gourm    .     (no helmet)
rElec  .         Spirit   .     (no cloak)
rCorr  .         Warding  .     h - +0 pair of gloves (curse)
rMut   .         Stasis   .     (no boots)
MR     .....                    (no amulet)
Stlth  +.........               (no ring)
                                (no ring)

@: non-regenerating, not resistant to hostile enchantments, very unstealthy
A: damage resistance, recharge devices, sense surroundings 1, slow regeneration
3
a: Device Recharging


You were on level 2 of the Dungeon.
You were not hungry.

You visited 1 branch of the dungeon, and saw 2 of its levels.

You collected 25 gold pieces.


Innate Abilities, Weirdness & Mutations

You are resistant to damage.
You can recharge devices by infusing magical energy.
You passively map a small area around you.
You do not regenerate naturally.


   Skills:
 + Level 2.3 Fighting
 - Level 2.1 Dodging
 - Level 2.4 Stealth
 - Level 1.7 Spellcasting
 - Level 3.6 Summonings


You had 3 spell levels left.
You knew the following spells:

 Your Spells              Type           Power        Failure   Level  Hunger
a - Summon Small Mammal   Summ           ##..         14%         1    ##.....

Inventory:

Hand Weapons
 a - a cursed -1 short sword (weapon)
 Y - a +0 mace
Armour
 h - a cursed +0 pair of gloves (worn)
 j - a +0 ring mail (worn)
Wands
 g - a wand of heal wounds (8)
Scrolls
 c - a scroll of identify
Potions
 e - a potion of curing {unknown}
Books
 b - a book of Callings

   Spells                             Type                      Level
   a - Summon Small Mammal            Summoning                    1
   b - Call Imp                       Summoning                    2
   c - Call Canine Familiar           Summoning                    3
   d - Summon Guardian Golem          Hexes/Summoning              3
   e - Summon Lightning Spire         Summoning/Air                4
   f - Summon Ice Beast               Ice/Summoning                4
Comestibles
 d - a bread ration
 f - a chunk of flesh

Dungeon Overview and Level Annotations

Branches:
Dungeon (2/15)

Altars:


Message History

The worm closely misses you.
You barely miss the worm.
The worm is moderately wounded.
You hit the worm.
The worm is heavily wounded.
The worm bites you.
* * * LOW HITPOINT WARNING * * *
You hit the worm but do no damage.
The worm is moderately wounded.
The worm bites you.
* * * LOW HITPOINT WARNING * * *
You hit the worm.
The worm is heavily wounded.
You hit the worm but do no damage.
The worm is heavily wounded.
The worm bites you.
You hit the worm.
The worm is heavily wounded.
The worm bites you!
You die...

* * , , ###....# ......#
, * .....# #..... *
#....# , .###....###.# *
,.......w....# , . ## *
*###.#@# , , , *#.#.
#.<. #.# ,,
#.#.#####..#**#.####...
#.......#.#####.......<
*#.........#..........#.
,
###.......##.########.#*
* .............# #
..#......##### *,, ,
.............# *


You could see a worm.

Vanquished Creatures
  An adder (D:2)
  An ooze (D:2)
  2 giant geckos (D:1)
  3 hobgoblins (D:1)
  3 kobolds (D:1)
  A bat (D:1)
  A rat (D:1)
12 creatures vanquished.

Notes
Turn   | Place    | Note
--------------------------------------------------------------
     0 | D:1      | endege the Deep Dwarf Summoner began the quest for the Orb.
     0 | D:1      | Reached XP level 1. HP: 15/15 MP: 3/3
     0 | D:1      | 0 ||| counter = 55
    42 | D:1      | HP: 3/16 [giant gecko (2)]
    43 | D:1      | 43 ||| ZAPPING wand of heal wounds (5).
    57 | D:1      | HP: 4/16 [giant gecko (1)]
    58 | D:1      | 58 ||| ZAPPING wand of heal wounds (4).
    59 | D:1      | Reached skill level 1 in Fighting
    67 | D:1      | 67 ||| MP-RECHARGING wand of heal wounds (3).
    70 | D:1      | 70 ||| Wielding weapon whip.
   177 | D:1      | HP: 3/18 [hobgoblin/club (2)]
   178 | D:1      | 178 ||| ZAPPING wand of heal wounds (9).
   180 | D:1      | Reached XP level 2. HP: 20/25 MP: 3/3
   362 | D:1      | 362 ||| UPGRADING to mace.
   363 | D:1      | 363 ||| DROPPING +0 whip.
   636 | D:1      | 636 ||| UPGRADING to pair of gloves.
   641 | D:1      | 641 ||| UPGRADING to ring mail.
   651 | D:1      | 651 ||| DROPPING +0 robe.
   652 | D:1      | 652 ||| READING scroll labeled ECOYCZI GILLI.
   653 | D:1      | 653 ||| READING scroll labeled XOVEPN VOSKICO.
   697 | D:2      | 697 ||| UPGRADING to glowing short sword.
   753 | D:2      | Slain by a worm

Vault maps used:
D:1:      dpeg_arrival_tiny_k
D:2:      ecumenical_altar_2, uniq_terence, uniq_jessica

Action                   || total
-------------------------++-------
Melee: Unarmed           ||    49
       Whip              ||    18
       Short sword       ||    25
       Mace              ||    11
 Abil: Device Recharging ||     1
Evoke: Wand              ||     3
  Use: Scroll            ||     2
